 Dungeon Crawl Stone Soup version 0.26-a0-800-g517d6fe721 (webtiles) character file.

Game seed: 9744347275984021946

278182 pop123321pop the Conqueror (level 20, -1/216 HPs)
             Began as a Minotaur Berserker on Nov 11, 2020.
             Was a High Priest of Trog.
             Killed by drain life
             ... invoked by a soul eater
              (11 damage)
             ... on level 5 of the Depths on Nov 12, 2020.
             The game lasted 01:26:27 (53527 turns).

pop123321pop the Conqueror (Minotaur Berserker)    Turns: 53527, Time: 01:26:27

Health: -1/216     AC: 33    Str: 28    XL:     20   Next: 0%
Magic:  28/28      EV: 26    Int:  4    God:    Trog [*****.]
Gold:   3092       SH:  5    Dex: 26    Spells: 19/19 levels left

rFire    . . .     SeeInvis .   G - +2 dire flail "Qoremnes" {protect, rElec Dex+2 Stlth+}
rCold    . . .     Faith    .   (shield currently unavailable)
rNeg     . . .     Spirit   .   H - +1 plate armour "Xaluff" {Rampage MR+ Str+2}
rPois    .         Reflect  +   r - +2 hat
rElec    +         Harm     .   A - +2 cloak {rCorr}
rCorr    +         Rampage  +   W - +2 pair of gloves
MR       ++++.                  a - +0 pair of boots "Bienka" {*Contam Str+3 Slay+5}
Stlth    ..........             E - amulet of reflection
HPRegen  1.46/turn              Z - +6 ring of dexterity
MPRegen  0.21/turn              U - ring "Meitt" {MP+9 EV+4}

@: regenerating
A: retaliatory headbutt, horns 2, icy blue scales 1, thin metallic scales 1,
wild magic 1
}: 1/15 runes: decaying
a: Berserk, Trog's Hand, Brothers in Arms, Renounce Religion


You were on level 5 of the Depths.
You worshipped Trog.
Trog was extremely pleased with you.
You visited 7 branches of the dungeon, and saw 35 of its levels.
You visited the Abyss 1 time.

You collected 4409 gold pieces.
You spent 1317 gold pieces at shops.

Inventory:

Hand Weapons
 G - the +2 dire flail "Qoremnes" (weapon) {protect, rElec Dex+2 Stlth+}
   (You took it off an orc warrior on level 7 of the Dungeon)

   It grants its wielder temporary protection when it strikes (+7 to AC).
   It affects your dexterity (+2).
   It insulates you from electricity.
   It makes you more stealthy.
Armour
 a - the +0 pair of boots "Bienka" (worn) {*Contam Str+3 Slay+5}
   (You found it on level 5 of the Lair of Beasts)

   It affects your strength (+3).
   It affects your accuracy and damage with ranged weapons and melee attacks
   (+5).
   It causes magical contamination when unequipped.
 r - a +2 hat (worn)
 A - a +2 cloak of preservation (worn)
 H - the +1 plate armour "Xaluff" (worn) {Rampage MR+ Str+2}
   (You took it off an orc warrior on level 7 of the Dungeon)

   It affects your strength (+2).
   It affects your resistance to hostile enchantments.
   It bestows one free step when moving towards enemies.
 W - a +2 pair of gloves (worn)
Jewellery
 y - an uncursed ring of positive energy
 E - an amulet of reflection (around neck)
 F - an uncursed ring of magical power
 I - a +4 ring of protection {unknown}
 T - an uncursed amulet of faith
 U - the ring "Meitt" (right hand) {MP+9 EV+4}
   (You found it on level 4 of the Swamp)

   [ring of evasion]

   It affects your evasion (+4).
   It affects your magic capacity (+9).
 Y - an uncursed ring of see invisible
 Z - a +6 ring of dexterity (left hand)
Wands
 g - a wand of iceblast (6)
 m - a wand of digging (13)
 J - a wand of paralysis (32)
Scrolls
 b - 7 scrolls of magic mapping
 c - 5 scrolls of enchant weapon
 d - a scroll of identify
 f - 16 scrolls of teleportation
 h - 23 scrolls of remove curse
 k - 7 scrolls of fog
 o - 8 scrolls of fear
 q - 2 scrolls of enchant armour
 C - a scroll of summoning
 N - 2 scrolls of brand weapon
 S - 2 scrolls of random uselessness {unknown}
 V - 2 scrolls of torment
 X - a scroll of holy word {unknown}
Potions
 e - 9 potions of ambrosia
 l - 11 potions of haste
 n - 6 potions of magic
 s - 3 potions of invisibility {unknown}
 v - 4 potions of brilliance {unknown}
 w - 3 potions of attraction {unknown}
 z - 10 potions of curing
 K - 4 potions of flight
 M - 3 potions of might
 O - 2 potions of lignification {unknown}
 Q - 5 potions of berserk rage
 R - 3 potions of resistance
Miscellaneous
 D - a phial of floods
 P - a phial of floods


   Skills:
 O Level 27 Fighting
 - Level 14.1 Maces & Flails
 * Level 16.7 Armour
 + Level 16.8 Dodging
 - Level 10.4 Evocations


You had 19 spell levels left.
You didn't know any spells.
Your spell library was empty.

Dungeon Overview and Level Annotations

Branches:
Dungeon (15/15)            Temple (0/1) D:5            Lair (6/6) D:10
  Swamp (4/4) Lair:2        Snake (1/4) Lair:4        Slime (0/5) Lair:6
    Orc (2/2) D:11            Elf (3/3) Orc:2        Vaults (0/5) D:13
 Depths (5/5) D:15
    Zot: Depths:5

Altars:
Ashenzari
Cheibriados
Makhleb
Nemelex Xobeh
Okawaru
Sif Muna
Uskayaw
Vehumet
Wu Jian
Zin
The Shining One
Beogh

Shops:
D:6 !   D:8 [   D:10 (   Orc:1 }   Orc:2 !}((:   Elf:1 *(!(   Elf:3 }

Portals:
Hell: Lair:6 Depths:1 Depths:2
Abyss: D:15 Depths:1 Depths:2
Pandemonium: Depths:3
Ziggurat: Depths:2

Annotations:
Snake:1 Nikola
Elf:2 1 runed translucent door


Innate Abilities, Weirdness & Mutations

You reflexively headbutt those who attack you in melee.
You have a pair of horns on your head.
You are partially covered in icy blue scales. (AC +2)
You are partially covered in thin metallic scales. (AC +2)
Your spells are a little harder to cast, but a little more powerful.


Message History

Press: ? - help, Dir - move target cursor
As you read the scroll of blinking, it crumbles to dust.
A purple draconian, 2 soul eaters, a wraith and 2 flying skulls come into view.
You feel sick.
The purple draconian roars!
The flying skull gives a hideous shriek! x2
You hear a roar!
You hear a hideous shriek!
The green draconian stormcaller mumbles some strange prayers to Qazlal.
A red draconian comes into view. It is wielding a +4 mace.
A flying skull comes into view.
Found a quarterstaff.
Found a glowing silver altar of Zin.
Press: ? - help, Dir - move target cursor
As you read the scroll of blinking, it crumbles to dust.
A soul eater comes into view.
A wraith comes into view.
The soul eater draws from the surrounding life force!
* * * LOW HITPOINT WARNING * * *
Found 2 potions of heal wounds, a potion of magic and 17 gold pieces.
You feel better.
The soul eater draws from the surrounding life force!
You die...

..8...8....#...####
.......k...#####
..8...83....#
#....z..###.#
............#
...###......+
..#.z.#3....+
.W..⌠.......#
..#@....# #......#
.......!#
......###.#
$.......! #
#########


You could see 2 soul eaters, a rime drake (summoned), a wraith and 2 flying
skulls.

Vanquished Creatures
  A caustic shrike (Depths:2)
  The ghost of Ditupt the Warrior, a veteran DrWz of Gozag (D:15)
  A bone dragon (Depths:1)
  A tentacled monstrosity (Swamp:2)
  2 titans
  2 deep elf blademasters
  A deep elf master archer (Elf:3)
  A sphinx (Depths:1)
  A tentacled starspawn (D:15)
  3 thorn hunters (Swamp:4)
  2 tengu reavers (Depths:2)
  4 fire giants
  5 frost giants
  5 deep elf sorcerers
  A juggernaut zombie (Depths:1)
  A draconian stormcaller (Depths:5)
  6 deep elf elementalists (Elf:3)
  3 very ugly things
  2 caustic shrike zombies (Depths:1)
  A spriggan defender (Depths:3)
  9 stone giants
  2 deep elf demonologists (Elf:2)
  A green draconian (Depths:5)
  A caustic shrike skeleton (Depths:1)
  6 deep elf annihilators (Elf:3)
  Nessos (D:15)
  2 dire elephants
  A bunyip (Swamp:4)
  7 deep elf death magi
  2 eleionomae
  Snorg (Lair:3)
  5 ettins
  3 deep elf high priests (Elf:3)
  3 fire dragons
  4 yaktaur captains
  16 slime creatures
  5 great orbs of eyes
  3 boulder beetles
  8 rakshasas
  2 ice dragons
  3 spriggan air magi (Depths:3)
  A quicksilver dragon skeleton (Depths:1)
  24 hydras
  5 centaur warriors
  A ghost crab (Swamp:1)
  A death knight (D:13)
  23 dancing weapons
  2 ogre magi
  A queen ant (shapeshifter) (D:15)
  9 two-headed ogres
  9 alligators
  3 deep troll shamans (Depths:3)
  6 tengu warriors
  2 deep troll earth magi (Depths:3)
  4 death yaks
  2 spriggan berserkers (Depths:3)
  Urug (Lair:1)
  A shock serpent (Snake:1)
  3 goliath frogs
  A titan zombie (Depths:1)
  2 titan skeletons (Depths:1)
  4 skeletal warriors (D:15)
  The ghost of Sin92 the Cleaver, a novice MiFi of Okawaru (D:7)
  15 deep elf knights
  A hell knight (Depths:2)
  Nergalle (D:9)
  2 sun demons (Depths:5)
  A spectral death yak (Lair:6)
  An unseen horror (D:14)
  A sixfirhy (Lair:5)
  A spriggan druid (Swamp:3)
  7 swamp dragons (Swamp:4)
  A golden dragon zombie (Depths:1)
  11 deep trolls
  A flayed ghost (Depths:1)
  2 glowing orange brains
  An iron troll (Depths:3)
  4 necromancers
  A shadow dragon zombie (Depths:1)
  An orc knight (Orc:1)
  3 wizards
  10 bog bodies
  6 deep elf archers
  2 harpies (shapeshifter)
  35 deep elf magi
  2 iron dragon zombies (Depths:1)
  2 oklob plants (Lair:6)
  A manticore (D:11)
  3 will-o-the-wisps
  27 ugly things
  2 worldbinders (Abyss:4)
  2 cyclopes
  2 sphinx skeletons (Depths:1)
  A tengu skeleton (Depths:1)
  3 elephants (Lair:5)
  A salamander (shapeshifter) (Depths:1)
  2 spriggan zombies (Depths:1)
  3 centaur zombies
  Psyche (D:11)
  A black mamba (Lair:5)
  Joseph (Lair:1)
  9 cane toads
  3 orange demons (Lair:6)
  7 rime drakes
  2 spriggan skeletons (Depths:1)
  2 efreet
  A kobold demonologist (D:11)
  A rime drake (shapeshifter) (D:15)
  10 komodo dragons
  A komodo dragon (shapeshifter) (Depths:1)
  16 yaktaurs
  An ice devil (Lair:6)
  A hellwing (Lair:6)
  6 tengu conjurers
  A red devil (Lair:6)
  3 freezing wraiths (D:13)
  3 meliai (D:15)
  10 trolls
  A shadow dragon simulacrum (Depths:1)
  9 hornets
  A fire dragon zombie (Depths:1)
  A queen bee (D:15)
  4 polar bears
  6 tyrant leeches
  32 blink frogs
  A shadow (D:15)
  A spriggan (shapeshifter) (D:15)
  34 yaks
  9 spriggans
  A wraith (D:13)
  A deep troll skeleton (Depths:1)
  3 air elementals
  15 water elementals
  11 humans (D:13)
  5 basilisks
  10 wyverns
  3 fire elementals
  3 large abominations
  7 vampire mosquitoes
  14 swamp worms
  4 wargs
  4 nagas
  20 water moccasins
  A hydra simulacrum (Lair:6)
  6 hell hounds
  11 swamp drakes
  A black bear (shapeshifter) (Depths:1)
  2 eyes of draining (shapeshifter) (Depths:2)
  18 orc warriors
  7 ice beasts
  2 phantoms
  A black mamba simulacrum (Lair:6)
  3 sky beasts
  13 ogres
  14 wolves
  12 centaurs
  A big kobold (shapeshifter) (D:15)
  4 elf zombies
  21 bullfrogs
  An earth elemental (Elf:2)
  A wyvern skeleton (D:13)
  4 scorpions
  25 killer bees
  12 wights
  9 howler monkeys
  3 electric eels
  6 jellies
  A yaktaur simulacrum (Depths:1)
  3 hounds
  21 orc priests
  A bullfrog skeleton (D:13)
  2 centaur skeletons
  4 hell rats (Lair:6)
  4 iguanas
  Natasha (thrice) (D:2)
  9 worker ants
  15 orc wizards
  3 hound zombies
  14 adders
  7 gnolls
  A shadow imp (Depths:2)
  2 white imps
  4 ufetubi
  An ooze (D:2)
  An adder skeleton (D:9)
  5 worms
  5 dart slugs
  6 leopard geckos
  85 orcs
  5 bats
  4 giant cockroaches
  6 goblins
  6 hobgoblins
  16 jackals
  7 quokkas
  3 ball pythons
  8 frilled lizards
  A giant cockroach zombie (D:5)
  12 kobolds
  3 leopard gecko zombies (D:5)
  A quokka skeleton (D:5)
  10 rats
  5 briar patches (Swamp:4)
  5 crawling corpses (Elf:3)
  2 fungi (Lair:6)
  A plant (Lair:6)
  A starspawn tentacle (D:15)
1145 creatures vanquished.

Vanquished Creatures (collateral kills)
  A profane servitor (D:15)
  The ghost of SolusNox the Severer, a journeyman MiBe of Trog (Lair:6)
  A rakshasa (D:15)
  A hydra (Swamp:4)
  3 two-headed ogres
  An ogre mage (Orc:2)
  A large abomination (D:15)
  A deep elf knight (Elf:2)
  2 iron trolls (D:13)
  An unseen horror (D:10)
  2 deep trolls
  A glowing orange brain (D:15)
  A wizard (D:15)
  A swamp dragon (Swamp:4)
  2 oklob plants (Lair:6)
  3 deep elf magi (Elf:2)
  A cyclops (Orc:2)
  An efreet (Depths:5)
  A yaktaur (Depths:3)
  9 trolls
  13 yaks
  3 vampire mosquitoes (D:13)
  A spectral cane toad (Lair:6)
  3 hell hounds
  A swamp drake (Swamp:4)
  9 ogres (Orc:2)
  A big kobold (D:13)
  A cane toad simulacrum (Lair:6)
  2 electric eels (D:13)
  A torpor snail simulacrum (Lair:6)
  A bullfrog zombie (D:10)
  9 orcs
  3 kobolds (D:13)
83 creatures vanquished.

Vanquished Creatures (others)
  A deep elf high priest (Elf:3)
  An anaconda (Snake:1)
  A sun demon (Depths:5)
  A deep elf mage (Elf:3)
  A salamander (Snake:1)
  A mana viper (Snake:1)
  A black mamba (Snake:1)
  A bloated husk (Swamp:2)
  A flying skull (Depths:5)
  A human (D:13)
  An orc wizard (D:8)
  A kobold (D:13)
  6 briar patches (Swamp:4)
  A bush (Lair:2)
  6 foxfires
  36 fungi
  A lurking horror (D:15)
  46 plants
  6 starspawn tentacles
114 creatures vanquished.

Grand Total: 1342 creatures vanquished

Notes
Turn   | Place    | Note
-------+----------+-------------------------------------------
     0 | D:1      | pop123321pop the Minotaur Berserker began the quest for the
                  | Orb.
     0 | D:1      | Reached XP level 1. HP: 19/19 MP: 0/0
    33 | D:1      | Reached XP level 2. HP: 16/26 MP: 1/1
   316 | D:1      | You fall into a shaft and drop 1 floor!
   498 | D:2      | Reached ** piety under Trog
   501 | D:2      | Reached skill level 5 in Maces & Flails
   501 | D:2      | Reached XP level 3. HP: 30/31 MP: 2/2
   927 | D:2      | Noticed Natasha
   933 | D:2      | Killed Natasha
   933 | D:2      | Reached XP level 4. HP: 39/39 MP: 3/3
  1038 | D:2      | Noticed Natasha
  1049 | D:2      | Killed Natasha
  1086 | D:2      | Noticed Natasha
  1093 | D:2      | Killed Natasha
  1093 | D:2      | Reached XP level 5. HP: 37/45 MP: 4/4
  1925 | D:3      | Reached *** piety under Trog
  2275 | D:3      | Reached XP level 6. HP: 14/51 MP: 5/5
  2983 | D:3      | Reached **** piety under Trog
  3145 | D:3      | Reached XP level 7. HP: 54/57 MP: 6/6
  3173 | D:3      | Found a faded altar of an unknown god.
  3173 | D:3      | Found an ornate altar of the Wu Jian Council.
  3178 | D:3      | Found a faded altar of an unknown god.
  3180 | D:3      | Found a glowing golden altar of the Shining One.
  3181 | D:3      | Found a shimmering blue altar of Sif Muna.
  3514 | D:4      | Reached skill level 10 in Maces & Flails
  4221 | D:5      | Entered Level 5 of the Dungeon
  4226 | D:5      | Reached skill level 4 in Fighting
  4226 | D:5      | Reached XP level 8. HP: 66/66 MP: 7/7
  4543 | D:5      | Found a staircase to the Ecumenical Temple.
  4894 | D:6      | Gained mutation: Your spells are a little harder to cast,
                  | but a little more powerful. [potion of mutation]
  4894 | D:6      | Gained mutation: You are partially covered in icy blue
                  | scales. (AC +2) [potion of mutation]
  4894 | D:6      | Gained mutation: You are partially covered in thin metallic
                  | scales. (AC +2) [potion of mutation]
  4962 | D:6      | Reached skill level 5 in Fighting
  5370 | D:6      | Found Imaa's Distillery.
  5378 | D:6      | Bought a potion of heal wounds for 55 gold pieces
  5378 | D:6      | Bought a potion of heal wounds for 55 gold pieces
  5486 | D:6      | Reached skill level 6 in Fighting
  6063 | D:7      | Found a broken altar of Ashenzari.
  6115 | D:7      | Reached skill level 7 in Fighting
  6195 | D:7      | Reached ***** piety under Trog
  6198 | D:7      | Reached skill level 8 in Fighting
  6200 | D:7      | Reached XP level 9. HP: 81/81 MP: 8/8
  6387 | D:7      | Reached skill level 9 in Fighting
  6545 | D:7      | Found a radiant altar of Vehumet.
  6846 | D:8      | Reached skill level 10 in Fighting
  9421 | D:8      | HP: 1/85 [acid (5)]
  9970 | D:7      | HP: 6/129 [orc/+0 hand axe (2)]
 10544 | D:8      | Noticed Sin92's ghost (novice MiFi)
 10545 | D:8      | Identified the +2 dire flail "Qoremnes" {protect, rElec
                  | Dex+2 Stlth+}
 10545 | D:8      | Identified the +1 plate armour "Xaluff" {Rampage MR+ Str+2}
 10546 | D:8      | Found a runed translucent gate.
 10546 | D:8      | Found a runed translucent gate.
 10547 | D:8      | Found a runed translucent gate.
 10548 | D:8      | Found a roughly hewn altar of Beogh.
 10899 | D:7      | Killed Sin92's ghost
 10899 | D:7      | Reached skill level 11 in Fighting
 11194 | D:8      | Reached skill level 12 in Fighting
 11497 | D:8      | Noticed a +0 hand axe
 11498 | D:8      | Noticed a +0 dagger
 11501 | D:8      | Found a hide-covered altar of Uskayaw.
 11526 | D:8      | Found Eluth's Antique Armour Emporium.
 11530 | D:8      | Bought a glowing cloak for 135 gold pieces
 11692 | D:8      | Reached XP level 10. HP: 93/97 MP: 9/9
 12516 | D:10     | Entered Level 10 of the Dungeon
 12516 | D:10     | Found Xacim's Antique Weapon Shoppe.
 12516 | D:10     | Noticed Nergalle
 12527 | D:9      | Noticed a spectral orc warlord
 12536 | D:9      | Killed Nergalle
 12586 | D:10     | Reached skill level 13 in Fighting
 13070 | D:10     | Noticed a two-headed ogre
 13078 | D:10     | Killed a two-headed ogre
 13104 | D:10     | Found a sparkling altar of Nemelex Xobeh.
 13221 | D:10     | Killed an unseen horror
 13722 | D:10     | Noticed a two-headed ogre
 13728 | D:10     | Killed a two-headed ogre
 13728 | D:10     | Reached skill level 14 in Fighting
 13728 | D:10     | Reached XP level 11. HP: 86/110 MP: 10/10
 13864 | D:10     | Found a staircase to the Lair.
 14186 | Lair:1   | Entered Level 1 of the Lair of Beasts
 14244 | Lair:1   | Reached skill level 5 in Armour
 14443 | Lair:1   | Noticed Urug
 14457 | Lair:1   | Killed Urug
 14810 | Lair:1   | Reached skill level 15 in Fighting
 14990 | Lair:1   | Noticed Joseph
 15002 | Lair:1   | Killed Joseph
 15772 | Lair:2   | Received a gift from Trog
 15789 | Lair:2   | Noticed a bog body
 15795 | Lair:2   | Killed a bog body
 15967 | Lair:2   | Noticed a bog body
 15969 | Lair:2   | Noticed a bog body
 15974 | Lair:2   | Killed a bog body
 15974 | Lair:2   | Reached XP level 12. HP: 121/122 MP: 11/11
 16156 | Lair:2   | Found a staircase to the Swamp.
 16220 | Lair:2   | Reached skill level 16 in Fighting
 16224 | Lair:2   | Noticed a seven-headed hydra
 16229 | Lair:2   | Killed a seven-headed hydra
 16353 | Lair:2   | Noticed a seven-headed hydra
 16362 | Lair:2   | Killed a seven-headed hydra
 16362 | Lair:2   | Reached skill level 10 in Armour
 17360 | Lair:3   | Reached skill level 17 in Fighting
 17622 | Lair:3   | Noticed Snorg
 17637 | Lair:3   | Killed Snorg
 18416 | Lair:4   | Found a staircase to the Snake Pit.
 18598 | Lair:4   | Noticed a six-headed hydra
 18604 | Lair:4   | Reached XP level 13. HP: 133/133 MP: 12/12
 18608 | Lair:4   | Received a gift from Trog
 18923 | Lair:4   | Found a frozen archway.
 19649 | Lair:5   | Reached skill level 18 in Fighting
 20550 | Lair:6   | Entered Level 6 of the Lair of Beasts
 20772 | Lair:6   | Noticed a dire elephant
 20790 | Lair:6   | Killed a dire elephant
 21561 | Lair:5   | Got a pair of scorched boots
 21572 | Lair:5   | Identified the cursed +0 pair of boots "Bienka" {*Contam
                  | Str+3 Slay+5} (You found it on level 5 of the Lair of
                  | Beasts)
 21593 | Lair:6   | Found a staircase to the Slime Pits.
 21597 | Lair:5   | Reached skill level 19 in Fighting
 22147 | Lair:6   | Reached XP level 14. HP: 146/146 MP: 13/13
 22153 | Lair:6   | Reached skill level 15 in Armour
 22293 | Lair:6   | Found a runed translucent gate.
 22294 | Lair:6   | Found a runed translucent gate.
 22297 | Lair:6   | Found a runed translucent gate.
 22299 | Lair:6   | Noticed SolusNox's ghost (journeyman MiBe)
 22820 | Lair:6   | Found a burning altar of Makhleb.
 22836 | Lair:6   | Found a gateway to Hell.
 23052 | Lair:6   | Killed SolusNox's ghost
 23380 | Snake:1  | Entered Level 1 of the Snake Pit
 23412 | Snake:1  | Noticed Nikola
 23890 | D:11     | Noticed Psyche
 23892 | D:11     | Killed Psyche
 25112 | D:11     | Found a staircase to the Orcish Mines.
 25723 | D:12     | Reached skill level 20 in Fighting
 25837 | D:13     | Reached skill level 1 in Evocations
 25864 | D:13     | Received a gift from Trog
 27015 | D:13     | Found a gate to the Vaults.
 27391 | D:14     | Found an iron altar of Okawaru.
 27534 | D:14     | Received a gift from Trog
 27866 | D:15     | Entered Level 15 of the Dungeon
 27940 | D:15     | Found a transporter.
 27945 | D:15     | Reached skill level 21 in Fighting
 27949 | D:15     | Noticed a tentacled starspawn
 27978 | D:15     | Noticed Nessos
 27986 | D:15     | Killed Nessos
 27986 | D:15     | Reached XP level 15. HP: 136/158 MP: 14/14
 28018 | D:15     | Noticed a profane servitor
 28061 | D:15     | Noticed Ditupt's ghost (veteran DrWz)
 28069 | D:15     | Found a one-way gate to the infinite horrors of the Abyss.
 28079 | D:15     | Found a transporter.
 28104 | D:15     | Killed a tentacled starspawn
 28750 | D:15     | Found a staircase to the Depths.
 29346 | D:15     | Found a snail-covered altar of Cheibriados.
 29377 | D:15     | Paralysed by a hornet for 1 turns
 29380 | D:15     | Reached skill level 5 in Evocations
 30431 | D:15     | Killed a profane servitor
 30431 | D:15     | Reached skill level 22 in Fighting
 30456 | D:15     | Killed Ditupt's ghost
 30953 | Depths:1 | Entered Level 1 of the Depths
 32036 | Depths:1 | Noticed a sphinx
 32044 | Depths:1 | Killed a sphinx
 32708 | Orc:1    | Entered Level 1 of the Orcish Mines
 32975 | Orc:1    | Found Feusoosin's Gadget Shoppe.
 33093 | Orc:2    | Entered Level 2 of the Orcish Mines
 33325 | Orc:2    | Reached XP level 16. HP: 113/170 MP: 15/15
 33347 | Orc:2    | Found Iwiju's Antique Weapon Emporium.
 33670 | Orc:2    | Found Ecunabuo's Book Emporium.
 33671 | Orc:2    | Found Loklu's Gadget Shop.
 33682 | Orc:2    | Found Osoac's Distillery.
 33690 | Orc:2    | Bought a potion of curing for 42 gold pieces
 33690 | Orc:2    | Bought a potion of curing for 42 gold pieces
 33690 | Orc:2    | Bought a potion of heal wounds for 70 gold pieces
 33693 | Orc:2    | Found Caufin's Weapon Shop.
 33860 | Orc:2    | Found a staircase to the Elven Halls.
 34373 | Elf:1    | Entered Level 1 of the Elven Halls
 34470 | Elf:1    | Found Wovaluim's Distillery.
 34474 | Elf:1    | Found Osuot's Weapon Shop.
 34474 | Elf:1    | Found Wesib's Assorted Antiques.
 34476 | Elf:1    | Found Guqei's Antique Weapon Boutique.
 34495 | Elf:1    | Bought a lumpy purple potion for 22 gold pieces
 34495 | Elf:1    | Bought a scroll of blinking for 187 gold pieces
 34495 | Elf:1    | Bought 3 scrolls of identify for 150 gold pieces
 34495 | Elf:1    | Bought an emerald potion for 22 gold pieces
 34495 | Elf:1    | Bought a scroll of identify for 50 gold pieces
 34495 | Elf:1    | Bought a glowing coppery potion for 22 gold pieces
 34508 | Elf:1    | Bought a potion of curing for 45 gold pieces
 34508 | Elf:1    | Bought a potion of curing for 45 gold pieces
 34508 | Elf:1    | Bought a potion of haste for 150 gold pieces
 34508 | Elf:1    | Bought a potion of heal wounds for 75 gold pieces
 34508 | Elf:1    | Bought a potion of resistance for 150 gold pieces
 34535 | Elf:1    | Reached skill level 10 in Evocations
 34762 | Elf:1    | Reached ****** piety under Trog
 35120 | Elf:1    | Identified the Almanac of Dark Rituals
 35445 | Elf:1    | Received a gift from Trog
 35823 | Elf:2    | Found a shimmering blue altar of Sif Muna.
 35853 | Elf:2    | Reached skill level 23 in Fighting
 36085 | Elf:2    | Found a runed translucent door.
 36109 | Elf:2    | Found a runed translucent door.
 36462 | Elf:3    | Entered Level 3 of the Elven Halls
 36655 | Elf:2    | Received a gift from Trog
 36678 | Elf:2    | Reached skill level 24 in Fighting
 37029 | Elf:2    | Reached XP level 17. HP: 129/183 MP: 16/16
 37542 | Elf:3    | Noticed a Tzitzimitl
 37542 | Elf:3    | Noticed a deep elf blademaster
 37542 | Elf:3    | Noticed a deep elf blademaster
 37584 | Elf:2    | Killed a deep elf blademaster
 38111 | Elf:3    | Killed a deep elf blademaster
 38111 | Elf:3    | Reached skill level 25 in Fighting
 38111 | Elf:3    | Noticed a deep elf master archer
 38580 | Elf:2    | Received a gift from Trog
 39013 | Elf:3    | Found Tukewehu's Gadget Boutique.
 39017 | Elf:3    | Killed a deep elf master archer
 39206 | Elf:3    | Identified the cursed +1 scimitar "Demonbane" {flame,
                  | Int+5}
 39750 | Elf:3    | Identified the +8 spear of Due Proportion {freeze, +Blink
                  | MR+++ Str-3 Int-3}
 39879 | Elf:3    | Identified the +2 bardiche of the Sugar Beet {venom, rPois
                  | rN+}
 39884 | Elf:3    | Cast into level 4 of the Abyss (a deep elf sorcerer)
 39908 | Abyss:4  | Reached skill level 26 in Fighting
 39950 | Elf:3    | Escaped the Abyss
 41074 | Swamp:1  | Entered Level 1 of the Swamp
 41478 | Swamp:1  | Received a gift from Trog
 42558 | Swamp:2  | Noticed a tentacled monstrosity
 42582 | Swamp:2  | Killed a tentacled monstrosity
 42582 | Swamp:2  | Reached XP level 18. HP: 170/199 MP: 17/17
 43418 | Swamp:3  | Reached skill level 27 in Fighting
 43564 | Swamp:3  | Found a glowing golden altar of the Shining One.
 43743 | Swamp:4  | Entered Level 4 of the Swamp
 43951 | Swamp:4  | Got a twitching silver ring
 44546 | Swamp:4  | Reached skill level 5 in Dodging
 44757 | Swamp:4  | Received a gift from Trog
 47687 | Swamp:4  | Got a decaying rune of Zot
 47688 | Swamp:4  | Identified the ring "Meitt" {MP+9 EV+4} (You found it on
                  | level 4 of the Swamp)
 48643 | Depths:1 | Reached skill level 10 in Dodging
 49983 | Depths:1 | Noticed a bone dragon
 49984 | Depths:1 | Found the +9 sword of Zonguldrok {reap}
 50001 | Depths:1 | Killed a bone dragon
 50001 | Depths:1 | Reached XP level 19. HP: 196/207 MP: 18/18
 50716 | Depths:2 | Received a gift from Trog
 50745 | Depths:2 | Identified the +10 short sword of the Absolute Madman
                  | {vorpal, Str+3}
 51252 | Depths:2 | Found a gateway to a ziggurat.
 51686 | Depths:2 | Noticed a caustic shrike
 51692 | Depths:2 | Killed a caustic shrike
 51692 | Depths:2 | Reached skill level 15 in Dodging
 52307 | Depths:3 | Found a one-way gate leading to the halls of Pandemonium.
 52333 | Depths:3 | Received a gift from Trog
 53070 | Depths:3 | Received a gift from Trog
 53342 | Depths:3 | You fall into a shaft and drop 2 floors!
 53342 | Depths:5 | Entered Level 5 of the Depths
 53477 | Depths:5 | Found a shimmering blue altar of Sif Muna.
 53501 | Depths:5 | Reached XP level 20. HP: 140/216 MP: 19/19
 53520 | Depths:5 | HP: 5/216 [white draconian/chilling blast (9)]
 53523 | Depths:5 | HP: 2/216 [purple draconian scorcher/bolt of magma (36)]
 53525 | Depths:5 | Found a glowing silver altar of Zin.
 53527 | Depths:5 | Killed from afar by a soul eater

Illustrated notes

Levels and vault maps discovered:
D:1:      ncdulo_halloftheorcs, layout_basic
D:2:      layout_rooms, uniq_natasha
D:3:      layout_loops_cross, chequers_temple_overflow_minitemple,
          gup_sewer_entry_bowl
D:4:      layout_rooms, minmay_misc_feat_four_crosses, lightli_corner_chamber
D:5:      layout_loops_ring, minmay_temple_entry_junction
D:6:      layout_loops_corners, serial_shops, shop, kennysheep_generic_room_4
D:7:      layout_basic, ashenzari_altar_1, nicolae_overflow_hidden_temple,
          grunt_decor_cap
D:8:      layout_loops_ring, dancing_weapons_uskayaw, serial_shops,
          nicolae_shop_stone, biasface_ghost_orc_armoury
D:9:      layout_rooms
D:10:     layout_rooms, lair_entry_dummy, serial_shops, shop, basic_altar,
          uniq_nergalle
D:11:     layout_grid_maze, orc_0_dummy, uniq_psyche
D:12:     layout_basic
D:13:     lemuel_troll_bridge, layout_loops_ring, ximxim_vaults_locker_room,
          st_stairs_13
D:14:     layout_cave_pools, okawaru_ov_weapons_minmay,
          chequers_serial_rivers_room_b
D:15:     gammafunk_enter_depths_forms, layout_basic, cheibriados_altar_1,
          special_room [special_room_bee], gammafunk_ghost_abyssal_escape,
          kennysheep_two_boxes, uniq_nessos
Lair:1:   layout_regular_city, beast_lair_carwin_7, uniq_joseph, uniq_urug
Lair:2:   wander_river, layout_misc_corridors,
          nicolae_swamp_entry_splash_gauntlet, serial_bayou_shore_b
Lair:3:   layout_regular_city, grunt_megastairs_1, uniq_snorg
Lair:4:   layout_regular_city, minmay_snake_entry_guardpost_small,
          portal_ice_cave_entry_pillars_2, serial_bayou_shore_b,
          infiniplex_staircase_pool_2, serial_bayou_shore_b
Lair:5:   layout_regular_city, st_stairs_5, lemuel_fruit_fields
Lair:6:   evil_forest, layout_regular_city, minmay_slime_entry_oklob_open,
          gammafunk_ghost_necromancy, serial_bayou_pond_e
Swamp:1:  layout_basic_swamp, serial_swamp_ruin, evilmike_swamp_ruin_rubble_2,
          evilmike_swamp_ruin_house_5
Swamp:2:  cheibrodos_swamp_monstrosity, layout_basic_swamp,
          evilmike_swamp_ruin_house_1, swamp_pool3, infiniplex_staircase_pool
Swamp:3:  layout_basic_swamp, lemuel_altar_in_water, swamp_pool2
Swamp:4:  swamp_basic_johnstein, layout_basic_swamp
Snake:1:  layout_onion_interference, drop_trap, grunt_ministairs_3, uniq_nikola,
          uniq_louise, uniq_roxanne
Orc:1:    layout_caves, serial_shops, nicolae_shop_stone
Orc:2:    st_orc_open, layout_caves, serial_shops, nicolae_shop_stone,
          gauntlet_entry_generic
Elf:1:    layout_geoelf_diagonals, minmay_elf_necromancy, corexii_checkpoint_b,
          minmay_shoptagon
Elf:2:    layout_geoelf_grid, basic_altar
Elf:3:    minmay_elf_hall_dome, layout_gridlike, serial_shops,
          nicolae_shop_trees, st_stairs_3, hangedman_decor_cross_pass
Depths:1: layout_honeycomb, abyss_entry, pf_vacation_house_of_asmodeus,
          nrook_mini_backslash, minmay_guarded_unrand_zonguldrok
Depths:2: minmay_the_grid_octo_2x2 [minmay_the_grid_octo_empty,
          minmay_the_grid_octo_thin_diamonds, minmay_the_grid_octo_clover,
          minmay_the_grid_octo_prize_ultimate_mussel_roller], layout_honeycomb,
          enter_ziggurat_f, kennysheep_doodads, hangedman_tar_grid_catacomb,
          abyss_entry, minmay_tree_intersection, minmay_misc_feat_ornament,
          serial_bayou_shore_a, infiniplex_staircase_zigzag_5
Depths:3: cheibrodos_poisonous_passages, layout_basic, pan_entry,
          grunt_hell_horde, hangedman_decor_clover_reticule, abyss_entry
Depths:5: grunt_profane_halls [grunt_profane_temple_tar,
          grunt_profane_temple_geh, grunt_profane_temple_dis,
          grunt_profane_temple_coc, grunt_zot_portal], hell_entry, uniq_margery

Skill      XL: |  1  2  3  4  5  6  7  8  9 10 11 12 13 14 15 16 17 18 19 |
---------------+----------------------------------------------------------+-----
Maces & Flails | 4 5 6 7 8 9 11 12 14 | 14.1
Fighting       | 4 8 12 14 15 17 19 21 22 24 26 27 | 27.0
Armour         | 3 9 12 14 16 | 16.7
Evocations     | 4 8 10 | 10.4
Dodging        | 12 16 | 16.8

Action                   |  1- 3 |  4- 6 |  7- 9 | 10-12 | 13-15 | 16-18 | 19-21 || total
-------------------------+-------+-------+-------+-------+-------+-------+-------++-------
Melee: Mace              |    59 |    47 |       |       |       |       |       ||   106
       Headbutt          |     5 |    41 |    95 |   176 |   382 |   470 |   202 ||  1371
       Whip              |       |   154 |   316 |       |       |       |       ||   470
       Dire flail        |       |       |    88 |   602 |  1107 |  1314 |   460 ||  3571
Invok: Berserk           |     1 |     2 |     3 |       |     8 |     7 |     1 ||    22
       Trog's Hand       |       |       |     1 |       |     1 |     2 |     2 ||     6
       Brothers in Arms  |       |       |       |     1 |    13 |     6 |     3 ||    23
Evoke: Wand              |       |       |       |       |     1 |       |       ||     1
       Phial of floods   |       |       |       |       |       |     1 |       ||     1
  Use: Scroll            |       |     4 |    11 |     8 |    12 |    15 |     3 ||    53
       Potion            |       |       |     7 |     4 |     7 |     3 |     7 ||    28
 Stab: Distracted        |       |       |       |       |     1 |       |       ||     1
Armor: Animal skin       |     4 |     7 |       |       |       |       |       ||    11
       Ring mail         |       |    30 |    38 |       |       |       |       ||    68
       Plate armour      |       |       |   154 |   380 |   637 |   815 |   192 ||  2178
Dodge: Dodged            |    47 |   100 |   103 |   154 |   363 |   491 |   416 ||  1674
Block: Other             |       |       |       |   114 |   213 |   196 |   105 ||   628
       Reflection        |       |       |       |     2 |     9 |    11 |    10 ||    32

Table legend: (Time is in decaauts)
 A = Elapsed time spent in this place.
 B = Non-inter-level travel time spent in this place.
 C = Inter-level travel time spent in this place.
 D = Time resting spent in this place.
 E = Time spent auto-exploring this place.
 F = Levels seen in this place.
 G = Mean time per level.
                   A        B        C        D        E       F      G
               +--------+--------+--------+--------+--------+-----+--------+
         Total |  52562 |  49485 |   3077 |  15979 |  26233 |  36 | 1460.1 |
       Dungeon |  21879 |  19964 |   1915 |   7277 |   9863 |  15 | 1458.6 |
          Lair |   9502 |   9048 |    454 |   1592 |   5621 |   6 | 1583.7 |
         Swamp |   6894 |   6647 |    247 |   2734 |   3269 |   4 | 1723.5 |
     Snake Pit |     47 |     47 |      0 |      0 |     23 |   1 |   47.0 |
  Orcish Mines |   1486 |   1332 |    154 |    224 |    959 |   2 |  743.0 |
   Elven Halls |   6298 |   6139 |    159 |   2636 |   2606 |   3 | 2099.3 |
        Depths |   6399 |   6253 |    146 |   1514 |   3891 |   4 | 1599.8 |
         Abyss |     54 |     54 |      0 |      0 |      0 |   1 |   54.0 |
               +--------+--------+--------+--------+--------+-----+--------+

Top non-repeatable levels by time:
     D:7: 4631 daAuts
 Swamp:4: 3283 daAuts
    D:15: 3187 daAuts
Depths:1: 3122 daAuts
   Elf:2: 3033 daAuts
Depths:2: 2402 daAuts
  Lair:4: 1916 daAuts
  Lair:6: 1880 daAuts
   Elf:3: 1843 daAuts
    D:11: 1741 daAuts
 Swamp:3: 1717 daAuts
    D:13: 1624 daAuts
  Lair:2: 1620 daAuts
  Lair:1: 1530 daAuts
  Lair:5: 1513 daAuts
